 Dungeon Crawl Stone Soup version 0.23-a0-307-gc3b755d021 (console) character file.

49 cschsch the Poker (level 3, 0/30 HPs)
             Began as a Merfolk Fighter on Oct 10, 2018.
             Succumbed to a gnoll's poison
             ... on level 2 of the Dungeon.
             The game lasted 00:03:24 (869 turns).

cschsch the Poker (Merfolk Fighter)                  Turns: 869, Time: 00:03:25

Health: 0/30       AC:  6    Str: 22    XL:     3   Next: 75%
Magic:  3/3        EV:  7    Int:  7    God:
Gold:   53         SH:  9    Dex: 13    Spells: 2/2 levels left

rFire    . . .     SeeInvis .   a - +1 trident
rCold    . . .     Gourm    .   c - +0 shield
rNeg     . . .     Faith    .   b - +0 scale mail
rPois    .         Spirit   .   (no helmet)
rElec    .         Reflect  .   (no cloak)
rCorr    .         Harm     .   (no gloves)
MR       .....                  (no boots)
Stlth    ..........             (no amulet)
HPRegen  0.10/turn              k - ring of attention (curse)
MPRegen  0.08/turn              (no ring)

@: mighty, lethally poisoned (0 -> -1)
A: change form in water, swift swim, stealthy swim
a: no special abilities


You were on level 2 of the Dungeon.
You were not hungry.

You visited 1 branch of the dungeon, and saw 2 of its levels.

You collected 53 gold pieces.

Inventory:

Hand Weapons
 a - a +1 trident (weapon)
Armour
 b - a +0 scale mail (worn)
 c - a +0 shield (worn)
Jewellery
 k - a cursed ring of attention (left hand)
Scrolls
 e - a scroll of fog
 i - a scroll of teleportation
Potions
 g - 2 potions of agility
Comestibles
 f - 4 rations
 h - 2 chunks of flesh


   Skills:
 + Level 3.8 Fighting
 * Level 4.4 Polearms
 - Level 2.1 Armour
 + Level 3.5 Shields


You had 2 spell levels left.
You didn't know any spells.
Your spell library was empty.

Dungeon Overview and Level Annotations

Branches:
Dungeon (2/15)

Altars:

Annotations:
D:2 Natasha


Message History

* * * LOW HITPOINT WARNING * * *
You feel sick. You block the bat's attack. You block the bat's attack.
You block the bat's attack.
Natasha, Servant of Life and Death comes into view.
* * * LOW HITPOINT WARNING * * *
You feel sick.
Natasha hisses angrily.
The bat hits you but does no damage. The bat hits you but does no damage.
The bat hits you but does no damage.
Natasha mumbles some strange words.
The bat hits you but does no damage.
* * * LOW HITPOINT WARNING * * *
You feel sick. The bat hits you but does no damage. You block the bat's attack.
You block the bat's attack.
Natasha mumbles some strange words.
You block the bat's attack.
You die...

#.# #.# #.# #.# #.# ....# #.# ##
.. .....# #.# #. #..##...## #.#
#. #..#..>..## ##@## #.
#.....5...####...# #.
#......h.....b...### #.
#.........##.......# #.
#..................############.
#.##...####.......##..........#
........# ###...####.# #######.
.....##.# #........##### #. ####
... ....###.....[)..# #.


You could see a bat.

Vanquished Creatures
  3 gnolls (D:2)
  2 ball pythons (D:1)
  A goblin (D:1)
  2 hobgoblins
  4 jackals (D:1)
  2 bats (D:1)
  2 frilled lizards
  A kobold (D:2)
  2 rats
19 creatures vanquished.

Vanquished Creatures (others)
  4 toadstools (D:1)
4 creatures vanquished.

Grand Total: 23 creatures vanquished

Notes
Turn   | Place    | Note
-------+----------+-------------------------------------------
     0 | D:1      | cschsch the Merfolk Fighter began the quest for the Orb.
     0 | D:1      | Reached XP level 1. HP: 18/18 MP: 1/1
   371 | D:1      | Reached XP level 2. HP: 20/24 MP: 2/2
   807 | D:2      | Reached skill level 4 in Polearms
   807 | D:2      | Reached XP level 3. HP: 13/30 MP: 3/3
   861 | D:2      | Noticed Natasha
   865 | D:2      | HP: 1/30 [poisoned by a gnoll]
   869 | D:2      | Succumbed to a gnoll's poison

Vault maps used:
D:1:      ldierk_walled_garden_2, st_stairs_8, fountainhead, nrook_mini_vaults
D:2:      serial_park_tiny_1, uniq_natasha

Skill      XL: |  1  2 |
---------------+-------+-----
Polearms       | 4 |  4.4
Fighting       | |  3.8
Armour         | |  2.1
Shields        | |  3.5

Action                   || total
-------------------------++-------
Melee: Trident           ||    71
  Use: Scroll            ||     4
       Potion            ||     1
Armor: Scale mail        ||    38
Dodge: Dodged            ||    14
Block: Shield            ||    33

Table legend:
 A = Non-vault XP
 B = Vault XP
 C = Vault XP percentage of total XP
 D = Non-vault monster count
 E = Vault monster count
 F = Vault count percentage of total count
                 A         B        C        D         E       F
            +---------+---------+-------+---------+---------+-------
      Total |      68 |       2 |   2.9 |      18 |       1 |   5.3
            +---------+---------+-------+---------+---------+-------
        D:1 |      18 |       2 |  10.0 |      11 |       1 |   8.3
        D:2 |      50 |       0 |   0.0 |       7 |       0 |   0.0
            +---------+---------+-------+---------+---------+-------
